 Dungeon Crawl Stone Soup version 0.31.0 (webtiles) character file.

Game seed: 15095178053368442851

167512 turdburglar the Mimic (level 17, 0/145 HPs)
             Began as a Demonspawn Shapeshifter on Jan 19, 2024.
             Was the Champion of Makhleb.
             Slain by a +1 long sword of holy wrath (20 damage)
             ... on level 2 of the Elven Halls.
             The game lasted 01:16:13 (35777 turns).

turdburglar the Mimic (Demonspawn Shapeshifter)    Turns: 35777, Time: 01:16:14

Health: 0/145      AC: 21    Str: 23    XL:     17   Next: 31%
Magic:  0/25       EV: 17    Int: 13    God:    Makhleb [******]
Gold:   333        SH:  0    Dex: 16    Spells: 21/21 levels left

rFire   + +          +
                       - Unarmed
rCold   . . .        f - melded +2 buckler
rNeg    + . .        O - +4 scale mail of Uskayaw's Inspiration {rElec rPois rF++ Int+3}
rPois   +            M - +2 helmet
rElec   +            i - +2 cloak
rCorr   +            L - melded +2 pair of gloves {Stlth+}
SInv    .            (boots unavailable)
Will    +....        u - amulet of guardian spirit
Stlth   +++          D - +4 ring of protection
HPRegen 0.44/turn    B - ring of Doililli {rF+ rN+ rCorr Str+3}
MPRegen 0.38/turn

%: guardian spirit
@: blade hands, studying 2 skills
A: hooves 3, rugged brown scales 3, ignite blood 2, magic regeneration,
evolution 2
a: Begin Untransformation, Renounce Religion, Minor Destruction, Lesser Servant
of Makhleb, Major Destruction, Greater Servant of Makhleb


You were on level 2 of the Elven Halls.
You worshipped Makhleb.
Makhleb was exalted by your worship.
You had blades for hands.
You visited 5 branches of the dungeon, and saw 25 of its levels.
You visited the Abyss 1 time.
You also visited: Sewer and Bailey.

You collected 3080 gold pieces.
You spent 2747 gold pieces at shops.

Inventory:

Hand Weapons
 s - a +9 hand axe of flaming
Armour
 f - a +2 buckler (melded)
 i - a +2 cloak (worn)
 L - a +2 pair of gloves of stealth (melded)
 M - a +2 helmet (worn)
 O - the +4 scale mail of Uskayaw's Inspiration (worn) {rElec rPois rF++ Int+3}
   (You bought it in a shop on level 2 of the Orcish Mines)

   Int+3:     It affects your intelligence (+3).
   rF++:      It greatly protects you from fire.
   rElec:     It insulates you from electricity.
   rPois:     It protects you from poison
 Z - the +3 pair of seven-league boots {Rampage+∞}
   (You found it on level 15 of the Dungeon)

   Rampage+∞: When moving toward enemies, its wearer moves as far as possible,
   alerting their target en route.
Jewellery
 l - a ring of magical power
 n - a +5 ring of evasion
 r - a ring of protection from fire
 u - an amulet of guardian spirit (around neck)
 x - an amulet of reflection
 B - the ring of Doililli (right blade hand) {rF+ rN+ rCorr Str+3}
   (You found it on level 5 of the Dungeon)

   [ring of resist corrosion]

   Str+3:     It affects your strength (+3).
   rF+:       It protects you from fire.
   rN+:       It protects you from negative energy.
   rCorr:     It protects you from acid and corrosion.
 D - a +4 ring of protection (left blade hand)
 G - a ring of protection from fire
 Q - a ring of willpower
 S - the ring of Xom's Best Wishes {rF+ rC++ Int-3}
   (You found it on level 1 of the Elven Halls)

   [ring of protection from fire]

   Int-3:     It affects your intelligence (-3).
   rF+:       It protects you from fire.
   rC++:      It greatly protects you from cold.
Talismans
 H - a serpent talisman
 K - the maw talisman of Lies {rElec rPois Str-4 Slay+5}
   (You found it on level 10 of the Dungeon)

   [maw talisman]

   Str-4:     It affects your strength (-4).
   Slay+5:    It affects your accuracy & damage with ranged weapons and melee
   (+5).
   rElec:     It insulates you from electricity.
   rPois:     It protects you from poison
 U - a dragon-blood talisman
 V - a blade talisman (active)
Wands
 q - a wand of polymorph (7)
 y - a wand of charming (22)
 F - a wand of mindburst (6)
 N - a wand of digging (24)
 P - a wand of flame (14)
 T - a wand of roots (16)
Scrolls
 a - 4 scrolls of amnesia
 c - a scroll of poison
 d - 2 scrolls of immolation
 k - 3 scrolls of noise
 o - a scroll of identify
 t - 5 scrolls of fog
 w - a scroll of enchant armour
 C - 3 scrolls of silence
 X - a scroll of teleportation
 Y - a scroll of enchant weapon
Potions
 b - 2 potions of lignification
 e - a potion of berserk rage
 g - 4 potions of attraction
 h - 6 potions of brilliance
 j - 3 potions of resistance
 m - 2 potions of enlightenment
 p - 2 potions of cancellation
 v - 13 potions of curing
 z - a potion of haste
 A - 8 potions of magic
 E - a potion of might
 I - a potion of heal wounds
 J - a potion of mutation
 R - 18 potions of ambrosia


   Skills:
 + Level 13.0 Fighting
 + Level 5.5 Armour
 - Level 13.5 Dodging
 + Level 8.5 Stealth
 - Level 3.3 Shields
 * Level 14.0 Unarmed Combat
 + Level 2.5 Spellcasting
 + Level 11.1 Invocations
 - Level 3.3 Evocations
 * Level 14.3 Shapeshifting


You had 21 spell levels left.
You didn't know any spells.
Your spell library contained the following spells:

 Spells                   Type           Power      Damage    Failure   Level
 Magic Dart               Conj           4%         1d3       50%         1
 Sandblast                Erth           2%         2d4       50%         1
 Shock                    Conj/Air       4%         1d3       50%         1
 Slow                     Hex            4%         N/A       50%         1
 Sting                    Conj/Alch      4%         1d3       50%         1
 Blink                    Tloc           2%         N/A       65%         2
 Call Imp                 Summ           2%         N/A       65%         2
 Lesser Beckoning         Tloc           2%         N/A       65%         2
 Scorch                   Fire           2%         2d5       65%         2
 Confusing Touch          Hex            1%         N/A       86%         3
 Frozen Ramparts          Ice            2%         1d1       86%         3
 Gell's Gravitas          Tloc           1%         N/A       86%         3
 Passwall                 Erth           1%         N/A       86%         3
 Sigil of Binding         Hex            1%         N/A       86%         3
 Stone Arrow              Conj/Erth      2%         3d7       86%         3
 Teleport Other           Tloc           1%         N/A       86%         3
 Tukima's Dance           Hex            1%         N/A       86%         3
 Vampiric Draining        Necr           1%         2d6       86%         3
 Anguish                  Hex/Necr       0%         N/A       99%         4
 Brom's Barrelling Bould  Conj/Erth      1%         2d3       99%         4
 Cause Fear               Hex            0%         N/A       99%         4
 Flame Wave               Conj/Fire      1%         2d4       99%         4
 Leda's Liquefaction      Alch/Erth      0%         N/A       99%         4
 Passage of Golubria      Tloc           1%         N/A       99%         4
 Petrify                  Alch/Erth      1%         N/A       99%         4
 Vhi's Electric Charge    Tloc/Air       2%         N/A       99%         4
 Arcjolt                  Conj/Air       0%         1d10      100%        5
 Fireball                 Conj/Fire      0%         3d3       100%        5
 Freezing Cloud           Conj/Ice/Air   0%         6-21      100%        5
 Iskenderun's Battlesphe  Conj           1%         2d6       100%        5
 Metabolic Englaciation   Hex/Ice        0%         N/A       100%        5
 Summon Forest            Summ/Tloc      0%         N/A       100%        5
 Yara's Violent Unravell  Hex/Alch       0%         3d3       100%        5
 Conjure Ball Lightning   Conj/Air       0%         3x3d6     100%        6
 Dispersal                Tloc           0%         N/A       100%        6
 Eringya's Noxious Bog    Alch           0%         4d6       100%        6
 Summon Cactus Giant      Summ           0%         N/A       100%        6
 Enfeeble                 Hex            0%         N/A       100%        7
 Orb of Destruction       Conj           0%         9d5       100%        7
 Summon Hydra             Summ           0%         N/A       100%        7
 Maxwell's Capacitive Co  Air            0%         ∞         100%        8
 Fire Storm               Conj/Fire      0%         6d1       100%        9


Dungeon Overview and Level Annotations

Branches:
Dungeon (15/15)            Temple (1/1) D:4            Lair (5/5) D:11
  Swamp (0/4) Lair:3        Snake (0/4) Lair:2        Slime (0/5) Lair:5
    Orc (2/2) D:11            Elf (2/3) Orc:2        Vaults (0/5) D:13
 Depths (0/4) D:15          Sewer (visited)          Bailey (visited)

Altars:
Ashenzari
Cheibriados
Dithmenos
Fedhas
Gozag
Hepliaklqana
Kikubaaqudgha
Makhleb
Nemelex Xobeh
Okawaru
Qazlal
Ru
Sif Muna
Trog
Uskayaw
Vehumet
Wu Jian
Xom
Yredelemnul
Jiyva

Shops:
D:9 [[?   D:10 *   D:13 *!:   Orc:2 :[[=   Elf:1 ?(   Elf:2 *

Portals:
Hell: Lair:5
Trove: D:12 (give +2 gold dragon scales)


Innate Abilities, Weirdness & Mutations

You have blades for hands.
You are incapable of wielding weapons or throwing items.
You have hooves in place of feet.
You are completely covered in rugged brown scales. (AC +3, +7% HP)
Your demonic aura often causes spilled blood to erupt in flames.
You regenerate magic rapidly.
You have great hidden genetic potential.


Message History

Things that are here:
a +0 long sword; a +0 leather armour You hit the deep elf zephyrmancer but do no damage.
You kick the deep elf zephyrmancer.
The deep elf zephyrmancer is lightly wounded.
The +1 long sword of holy wrath is engulfed in blazing flames.
The +1 long sword of holy wrath hits you.
You convulse.
The deep elf zephyrmancer hits you but does no damage.
The +1 long sword of holy wrath is engulfed in blazing flames.
The +1 long sword of holy wrath hits you.
You convulse.
You slash the deep elf zephyrmancer!
The deep elf zephyrmancer is moderately wounded.
The +3 heavy war axe hits you!!
* * * LOW HITPOINT WARNING * * *
The deep elf zephyrmancer is engulfed in blazing flames.
The deep elf zephyrmancer hits you but does no damage.
The +1 long sword of holy wrath hits you!
* * * LOW HITPOINT WARNING * * *
You convulse!
* * * LOW HITPOINT WARNING * * *
You shred the deep elf zephyrmancer!!!
You kill the deep elf zephyrmancer!
Makhleb accepts your kill.
You feel better.
The +1 long sword of holy wrath closely misses you.
The +3 heavy war axe hits you!
* * * LOW HITPOINT WARNING * * *
You slash the +1 long sword of holy wrath!
You kick the +1 long sword of holy wrath, but do no damage.
Your slash misses the +1 long sword of holy wrath.
The +1 long sword of holy wrath is severely damaged.
The +1 long sword of holy wrath hits you but does no damage.
Unknown command.
You feel much better.
The +1 long sword of holy wrath hits you!
* * * LOW HITPOINT WARNING * * *
You convulse!!
You die...

######### ........#
........ #### ##...#...
#..###########....#.#
...'...........)○..##.##
..<#########.#.##°○.....
.### #.#)(@# . .#
#...(## )# ##.... .#
##..## )# #... .# #.##.
.# #.. .# #. .#


You could see 2 dancing weapons.

Vanquished Creatures
  A profane servitor (Abyss:3)
  Kirke (D:13)
  2 tentacled starspawn (Abyss:3)
  2 deep elf sorcerers (Elf:1)
  A deep elf demonologist (Elf:2)
  A deep elf death mage (Elf:1)
  4 deep elf annihilators (Elf:1)
  The ghost of Ciovowug the Fighter, a journeyman DrSh of Ashenzari (Lair:2)
  A green death (Abyss:3)
  Fannar (D:10)
  5 vault guards
  An entropy weaver (shapeshifter) (Elf:1)
  The ghost of angrytalen3 the Carver, a journeyman MiGl of Hepliaklqana (D:11)
  The ghost of Zoobame the Devastator, a journeyman DEHW of Sif Muna (Lair:2)
  4 hydras (Lair:5)
  Erolcha (D:13)
  2 catoblepae
  6 centaur warriors
  2 boulder beetles
  4 ogre magi (Orc:2)
  7 death yaks
  7 dancing weapons
  A vampire mage (Abyss:3)
  A tengu warrior (D:15)
  17 two-headed ogres
  An occultist (Lair:5)
  A wretched star (Abyss:3)
  2 deep elf knights
  A fire crab (Lair:4)
  3 skysharks
  A sixfirhy (Lair:5)
  3 deep elf archers (Elf:1)
  A large abomination (Abyss:3)
  A mana viper (shapeshifter) (D:15)
  A lindwurm (Lair:1)
  2 phantasmal warriors (D:15)
  3 starcursed masses (Abyss:3)
  2 orc knights (D:15)
  11 ugly things
  23 deep elf pyromancers
  16 deep elf zephyrmancers
  2 salamanders
  5 oklob plants
  A worldbinder (Abyss:3)
  7 cyclopes
  4 manticores
  9 elephants
  2 guardian serpents
  A rust devil (Abyss:3)
  6 black mambas
  2 kobold blastminers (Orc:2)
  A guardian serpent (shapeshifter) (D:15)
  A naga mage (Abyss:3)
  A smoke demon (Lair:5)
  2 gargoyles
  A torpor snail (Lair:2)
  10 cane toads
  2 unseen horrors
  5 orange demons
  A rime drake (shapeshifter) (D:14)
  2 efreet
  2 kobold demonologists
  7 rime drakes
  3 tengu conjurers (D:15)
  A freezing wraith (D:15)
  2 ancient zymes (Abyss:3)
  3 ice devils (Lair:5)
  9 komodo dragons
  2 queen bees
  A silent spectre (Abyss:3)
  A polar bear (Lair:2)
  4 trolls
  6 blink frogs
  16 slime creatures
  An ettin skeleton (Abyss:3)
  A centaur simulacrum (D:14)
  10 wyverns
  2 wraiths
  A hog (shapeshifter) (D:10)
  3 water elementals
  A ynoxinul (Abyss:3)
  3 wargs (Orc:1)
  2 vampires
  3 humans
  A shadow (D:9)
  2 golden eyes (Abyss:3)
  61 yaks
  5 neqoxecs
  A steam dragon (Lair:2)
  A fire elemental (Elf:2)
  7 vampire mosquitoes
  5 spatial vortices (Abyss:3)
  6 basilisks
  3 acid dragons
  A chaos spawn (Abyss:3)
  4 nagas
  24 water moccasins
  3 hell hounds (Lair:5)
  2 sky beasts
  3 black bears
  18 orc warriors
  6 laughing skulls
  28 ogres
  10 centaurs
  6 wolves
  4 kobold brigands
  A gnoll sergeant (D:12)
  2 weeping skulls (Abyss:3)
  16 bullfrogs
  2 brain worms (Sewer)
  2 small abominations (Abyss:3)
  7 scorpions
  7 wights (D:9)
  61 killer bees
  2 howler monkeys
  An electric eel (D:11)
  A crimson imp (D:5)
  A bombardier beetle (D:7)
  3 quasits (D:11)
  3 jellies
  A sleepcap (D:6)
  2 hounds (D:5)
  15 orc priests
  5 iguanas
  Terence (D:3)
  2 hell rats (Lair:3)
  24 orc wizards
  Robin (D:3)
  11 adders
  19 gnolls
  A river rat (Sewer)
  2 shadow imps
  2 white imps
  A howler monkey simulacrum (D:9)
  2 ufetubi (D:7)
  6 dart slugs
  2 ribbon worms
  92 orcs
  3 endoplasms
  2 giant cockroaches
  14 goblins
  11 hobgoblins
  8 jackals
  24 kobolds
  3 quokkas
  9 ball pythons
  5 bats
  5 frilled lizards
  12 rats
891 creatures vanquished.

Vanquished Creatures (collateral kills)
  A deep elf archer (Elf:1)
  A deep elf zephyrmancer (Elf:1)
  An air elemental (Elf:1)
  2 wights (D:9)
5 creatures vanquished.

Vanquished Creatures (others)
  A two-headed ogre (Orc:2)
  A deep elf zephyrmancer (Elf:1)
  4 humans (D:13)
  An orc (D:10)
  A jackal (D:3)
  4 starspawn tentacles (Abyss:3)
12 creatures vanquished.

Grand Total: 908 creatures vanquished

Notes
Turn   | Place    | Note
-------+----------+-------------------------------------------
     0 | D:1      | turdburglar the Demonspawn Shapeshifter began the quest for
                  | the Orb.
     0 | D:1      | Reached XP level 1. HP: 15/15 MP: 1/1
   202 | D:1      | Gained mutation: You are partially covered in rugged brown
                  | scales. (AC +1, +3% HP) [demonic ancestry]
   202 | D:1      | Reached XP level 2. HP: 5/21 MP: 2/2
   499 | D:1      | Reached skill level 1 in Stealth
  1476 | D:2      | Gained mutation: Your demonic aura sometimes causes spilled
                  | blood to erupt in flames. [demonic ancestry]
  1476 | D:2      | Reached XP level 3. HP: 24/26 MP: 3/3
  2192 | D:2      | Noticed a scorpion
  2192 | D:2      | Noticed a scorpion
  2197 | D:2      | Gained mutation: You are mostly covered in rugged brown
                  | scales. (AC +2, +5% HP) [demonic ancestry]
  2197 | D:2      | Reached XP level 4. HP: 23/34 MP: 4/4
  2323 | D:3      | Found a blossoming altar of Fedhas.
  2323 | D:3      | Found a stormy altar of Qazlal.
  2732 | D:3      | Noticed Robin
  2937 | D:3      | Killed Robin
  3104 | D:3      | Gained mutation: You regenerate magic rapidly. [demonic
                  | ancestry]
  3104 | D:3      | Reached XP level 5. HP: 34/39 MP: 5/5
  3195 | D:3      | Found a sacrificial altar of Ru.
  3284 | D:3      | Found an ornate altar of the Wu Jian Council.
  3444 | D:3      | Reached skill level 1 in Armour
  3770 | D:3      | Noticed Terence
  3787 | D:3      | Killed Terence
  3954 | D:4      | Reached XP level 6. HP: 47/48 MP: 6/6
  4159 | D:4      | Found a staircase to the Ecumenical Temple.
  4205 | Temple   | Entered the Ecumenical Temple
  4212 | Temple   | Became a worshipper of Makhleb the Destroyer
  4238 | D:4      | Identified a scroll of acquirement
  4238 | D:4      | Acquired 700 gold pieces
  5617 | D:5      | Entered Level 5 of the Dungeon
  5640 | D:4      | Gained mutation: You have large cloven feet. [demonic
                  | ancestry]
  5640 | D:4      | Reached XP level 7. HP: 31/53 MP: 7/7
  6121 | D:5      | Found a glowing drain.
  6127 | Sewer    | Entered a sewer
  6220 | Sewer    | Reached * piety under Makhleb
  6291 | Sewer    | Acquired a manual of Dodging
  6381 | Sewer    | Gained mutation: You are completely covered in rugged brown
                  | scales. (AC +3, +7% HP) [demonic ancestry]
  6381 | Sewer    | Reached XP level 8. HP: 44/64 MP: 3/8
  6785 | D:5      | Identified the ring of Doililli {rF+ rN+ rCorr Str+3}
  6832 | D:5      | Found a bloodstained altar of Trog.
  7089 | D:5      | Reached skill level 5 in Shapeshifting
  7303 | D:6      | Reached skill level 5 in Unarmed Combat
  7451 | D:6      | Reached skill level 5 in Dodging
  7835 | D:6      | Reached XP level 9. HP: 55/70 MP: 7/9
  8629 | D:7      | Found a hide-covered altar of Uskayaw.
  8718 | D:7      | Reached skill level 5 in Fighting
  9193 | D:7      | Found a sparkling altar of Nemelex Xobeh.
  9456 | D:7      | Reached ** piety under Makhleb
 10098 | D:8      | Found an ancient bone altar of Kikubaaqudgha.
 10340 | D:8      | Found a runed translucent door.
 10398 | D:8      | Found a flagged portal.
 10408 | Bailey   | Entered a bailey
 10797 | Bailey   | Reached skill level 5 in Stealth
 11225 | D:8      | Found a basalt altar of Yredelemnul.
 11545 | D:8      | Reached XP level 10. HP: 81/81 MP: 8/10
 11551 | D:8      | Reached *** piety under Makhleb
 11631 | D:9      | Found Foicuq's Antique Armour Emporium.
 11694 | D:9      | Bought the +2 pair of slick slippers {slick, slippery,
                  | EV+4} for 729 gold pieces
 11694 | D:9      | Found the +2 pair of slick slippers {slick, slippery, EV+4}
 11694 | D:9      | Bought a glowing helmet for 202 gold pieces
 11744 | D:9      | Found Ijic's Magic Scroll Shoppe.
 11768 | D:9      | Reached skill level 1 in Invocations
 11788 | D:9      | Noticed a sun demon
 11956 | D:9      | Bought a scroll of enchant armour for 120 gold pieces
 11965 | D:9      | Noticed a skeletal warrior
 11972 | D:9      | Noticed a cyan ugly thing
 12004 | D:9      | Noticed a boulder beetle
 12455 | D:9      | Killed a boulder beetle
 12515 | D:9      | Killed a cyan ugly thing
 12917 | D:9      | Found Eskaxywn's Armour Boutique.
 13156 | D:9      | Reached XP level 11. HP: 88/88 MP: 13/13
 13275 | D:9      | Found an iron altar of Okawaru.
 13620 | D:10     | Entered Level 10 of the Dungeon
 13625 | D:10     | Found Fub Otzo's Lightly-Used Armoury.
 13656 | D:10     | Noticed Fannar
 13681 | D:10     | Killed Fannar
 13907 | D:10     | Identified the maw talisman of Lies {rElec rPois Str-4
                  | Slay+5}
 13969 | D:10     | Noticed a two-headed ogre
 13979 | D:10     | Killed a two-headed ogre
 14224 | D:10     | Noticed a deep elf pyromancer
 14238 | D:10     | Killed a deep elf pyromancer
 14934 | D:10     | Found an opulent altar of Gozag.
 14964 | D:10     | Reached **** piety under Makhleb
 15464 | D:11     | Noticed a sun demon
 15473 | D:11     | Reached skill level 10 in Dodging
 15795 | D:11     | Found a transporter.
 15852 | D:11     | Found a transporter.
 15854 | D:11     | Noticed angrytalen3's ghost (journeyman MiGl)
 16403 | D:11     | Found a staircase to the Orcish Mines.
 16494 | D:11     | Noticed a death yak
 16494 | D:11     | Noticed a death yak
 16494 | D:11     | Noticed a death yak
 16516 | D:11     | Killed a death yak
 16536 | D:11     | Killed a death yak
 16540 | D:11     | Reached ***** piety under Makhleb
 16557 | D:11     | Killed a death yak
 16558 | D:11     | Gained mutation: Your demonic aura often causes spilled
                  | blood to erupt in flames. [demonic ancestry]
 16558 | D:11     | Reached XP level 12. HP: 100/100 MP: 12/14
 16575 | D:11     | Found a staircase to the Lair.
 17183 | Lair:1   | Entered Level 1 of the Lair of Beasts
 17275 | Lair:1   | Reached skill level 10 in Unarmed Combat
 18373 | Lair:2   | Reached skill level 5 in Invocations
 18454 | Lair:2   | Identified the +1 robe of the Curious Beggars {rPois Will+}
 18568 | Lair:2   | Found a staircase to the Snake Pit.
 18797 | Lair:2   | Found a runed translucent gate.
 18798 | Lair:2   | Found a runed translucent gate.
 18799 | Lair:2   | Found a runed translucent gate.
 18805 | Lair:2   | Noticed Zoobame's ghost (journeyman DEHW)
 18805 | Lair:2   | Noticed Ciovowug's ghost (journeyman DrSh)
 19394 | Lair:2   | Killed Ciovowug's ghost
 19395 | Lair:2   | Reached skill level 10 in Fighting
 19402 | Lair:2   | Killed Zoobame's ghost
 19403 | Lair:2   | Reached XP level 13. HP: 101/110 MP: 14/16
 19508 | D:9      | Bought the +1 pair of gloves of Puocinuf {rN+} for 207 gold
                  | pieces
 20030 | Lair:3   | Reached skill level 10 in Shapeshifting
 20122 | Lair:3   | Reached ****** piety under Makhleb
 20137 | Lair:3   | Found a staircase to the Swamp.
 20858 | Lair:3   | Reached XP level 14. HP: 118/118 MP: 17/17
 21919 | Lair:5   | Entered Level 5 of the Lair of Beasts
 22660 | Lair:5   | Gained mutation: You have hoof-like feet. [demonic
                  | ancestry]
 22660 | Lair:5   | Reached XP level 15. HP: 126/126 MP: 17/20
 22733 | Lair:5   | Found a burning altar of Makhleb.
 22902 | Lair:5   | Found a gateway to Hell.
 23099 | Lair:5   | Found a staircase to the Slime Pits.
 23099 | Lair:5   | Found a viscous altar of Jiyva.
 23977 | D:11     | Gained mutation: Your body sometimes deteriorates upon
                  | taking damage. [a neqoxec]
 23992 | D:11     | Killed angrytalen3's ghost
 24461 | Lair:3   | Identified the +6 morningstar of the Doomed Warrior {pain,
                  | Int+3 Dex+3 Stlth+}
 25830 | D:12     | Found a portal to a secret trove of treasure.
 26230 | D:13     | Found Fasuloy's Book Emporium.
 26230 | D:13     | Found Neqafen's Distillery.
 26230 | D:13     | Found Moromarcha's Assorted Antiques.
 26500 | D:13     | Found a large runed translucent door.
 26532 | D:13     | Noticed Kirke
 26542 | D:13     | Killed Kirke
 26761 | D:13     | Found a large runed translucent door.
 26832 | D:13     | Found a gate to the Vaults.
 27011 | D:13     | Noticed Erolcha
 27020 | D:13     | Killed Erolcha
 27624 | D:14     | You fall into a shaft and drop 1 floor!
 27624 | D:15     | Entered Level 15 of the Dungeon
 28056 | D:15     | Found the +3 pair of seven-league boots {Rampage+∞}
 29834 | D:15     | Reached skill level 1 in Shields
 29836 | D:15     | Reached XP level 16. HP: 135/135 MP: 22/22
 29886 | D:15     | Found a staircase to the Depths.
 30032 | D:15     | Lost mutation: Your body sometimes deteriorates upon taking
                  | damage. [potion of mutation]
 30032 | D:15     | Gained mutation: You have a pair of small horns on your
                  | head. [potion of mutation]
 30032 | D:15     | Gained mutation: You occasionally lose the ability to read
                  | scrolls when taking damage. [potion of mutation]
 30033 | D:15     | Lost mutation: You occasionally lose the ability to read
                  | scrolls when taking damage. [potion of mutation]
 30033 | D:15     | Lost mutation: You have a pair of small horns on your head.
                  | [potion of mutation]
 30033 | D:15     | Gained mutation: Armour fits poorly on your strangely
                  | shaped body. [potion of mutation]
 30033 | D:15     | Gained mutation: Your muscles are strong. (Str +4, Int/Dex
                  | -1) [potion of mutation]
 30034 | D:15     | Lost mutation: Armour fits poorly on your strangely shaped
                  | body. [potion of mutation]
 30034 | D:15     | Lost mutation: Your muscles are strong. (Str +4, Int/Dex
                  | -1) [potion of mutation]
 30034 | D:15     | Gained mutation: You are dopey. (Int -2) [potion of
                  | mutation]
 30034 | D:15     | Gained mutation: Your spells are a little harder to cast,
                  | but a little more powerful. [potion of mutation]
 31261 | Orc:1    | Entered Level 1 of the Orcish Mines
 31564 | Orc:2    | Entered Level 2 of the Orcish Mines
 31833 | Orc:2    | Reached skill level 1 in Evocations
 31897 | Orc:2    | Found Fecei's Jewellery Emporium.
 31897 | Orc:2    | Found Vullust's Armour Boutique.
 31918 | Orc:2    | Found Roudghal's Antique Armour Boutique.
 31918 | Orc:2    | Found Amoytol's Book Shoppe.
 31992 | Orc:2    | Found a staircase to the Elven Halls.
 32733 | Orc:2    | Bought the +4 scale mail of Uskayaw's Inspiration {rElec
                  | rPois rF++ Int+3} for 1122 gold pieces
 32750 | Orc:2    | Bought a glowing helmet for 240 gold pieces
 32794 | Elf:1    | Entered Level 1 of the Elven Halls
 32813 | Elf:1    | Found a transporter.
 32815 | Elf:1    | Found a radiant altar of Vehumet.
 33021 | Elf:1    | Reached skill level 10 in Invocations
 33331 | Elf:1    | Paralysed by an air elemental for 1 turns
 33412 | Elf:1    | Got the Exposition on Blasting
 33603 | Elf:1    | Identified the +0 orcbow of Gehenna {flame, rElec rN+
                  | Dex-3}
 33633 | Elf:1    | Found Kugut's Weapon Boutique.
 33842 | Elf:1    | Found Emeoh's General Store.
 33999 | Elf:1    | Found Hodema's Magic Scroll Shop.
 34006 | Elf:1    | Bought a scroll of enchant armour for 127 gold pieces
 34285 | Elf:1    | Identified the ring of Xom's Best Wishes {rF+ rC++ Int-3}
 34308 | Elf:1    | Reached skill level 1 in Spellcasting
 34310 | Abyss:3  | Cast into level 3 of the Abyss (a deep elf sorcerer)
 34486 | Abyss:3  | Reached skill level 5 in Armour
 34506 | Abyss:3  | Noticed a profane servitor
 34531 | Abyss:3  | Killed a profane servitor
 34532 | Abyss:3  | Gained mutation: You have hooves in place of feet. [demonic
                  | ancestry]
 34532 | Abyss:3  | Reached XP level 17. HP: 74/143 MP: 13/25
 34859 | Elf:1    | Escaped the Abyss
 34861 | Elf:1    | Found a transporter.
 35472 | Elf:1    | Lost mutation: Your spells are a little harder to cast, but
                  | a little more powerful. [potion of mutation]
 35472 | Elf:1    | Lost mutation: You are dopey. (Int -2) [potion of mutation]
 35472 | Elf:1    | Gained mutation: You have hidden genetic potential. [potion
                  | of mutation]
 35472 | Elf:1    | Gained mutation: You have great hidden genetic potential.
                  | [potion of mutation]
 35514 | Elf:2    | Found Qoliesiv's General Store.
 35777 | Elf:2    | Slain by a +1 long sword of holy wrath

Illustrated notes

Levels and vault maps discovered:
D:1:      onia_arrival_mini_spirals, layout_basic
D:2:      layout_loops_ring, lightli_corner_chamber
D:3:      layout_loops_ring, grunt_temple_overflow_forces_of_nature,
          mainiacjoe_overflow_cross_hatched, nicolae_wu_jian_glorious_leap,
          uniq_robin, uniq_terence
D:4:      layout_layer_cave, nicolae_tso_swordbearing_angel,
          minmay_temple_entry_tees
D:5:      layout_rooms, mainiacjoe_overflow_24_doors,
          mainiacjoe_sewer_entry_somewhere_in_here_2, minmay_fire_ice_demons
D:6:      layout_rooms, nicolae_eternal_life
D:7:      layout_layer_cave, mainiacjoe_overflow_surrounded_room,
          nicolae_overflow_crystal_walls, grunt_decor_resistance,
          skrybe_limestone_x
D:8:      layout_layer_cave, dk_yredelemnul_ordeal,
          nicolae_kikubaaqudgha_miasma_corner, enter_bailey_2
D:9:      layout_basic, mainiacjoe_overflow_alcove_4, serial_shops, shop, shop,
          nicolae_shop_statue_plus, minmay_pinched_square
D:10:     layout_loops_cross, mainiacjoe_overflow_brackets, minmay_shop_damaged,
          hangedman_stone_soup, uniq_fannar
D:11:     layout_stronghold, dpeg_lair_monsters, erik_orc_2,
          gammafunk_ghost_stat_death
D:12:     layout_grid_maze, enter_trove_5
D:13:     doesnt_quadruple_sword, layout_long_grid,
          lightli_vaults_fourway_checkpoint, nicolae_shop_distant_corner_stores,
          uniq_kirke, uniq_erolcha
D:14:     layout_stronghold
D:15:     hangedman_depths_entry_try_elsewhere_first, layout_loops_corners,
          dreamdust_mushroom_princess,
          hellmonk_guarded_unrand_seven_league_boots
Temple:   nicolae_temple_ecumenical_triangle
Lair:1:   layout_roguey [special_room_bee], minivault_19,
          bh_autumn_forest_stairs, nicolae_lair_lindhole
Lair:2:   layout_cellular_growth, alex1729_snake_entry_snake,
          gammafunk_ghost_cemetery
Lair:3:   hangedman_what_comes_after_a, layout_misc_corridors, swamp_mist,
          beast_lair_carwin_4, lemuel_fruit_fields
Lair:4:   hellmonk_ruined_rings, layout_hall_layers
Lair:5:   evil_forest, layout_regular_city, slime_entry_1, serial_bayou_ford_a,
          grunt_megastairs_5, infiniplex_staircase_pool_2
Orc:1:    layout_caves, basic_altar, nicolae_orc_rockfall, mines3_lemuel
Orc:2:    st_orc_ogre_mass, layout_diamond_mine, basic_altar,
          nicolae_orc_rich_vein
Elf:1:    gammafunk_sealed_library, layout_gridlike, serial_shops, shop,
          nicolae_shop_advertising_works [nicolae_subvault_shop_adworks],
          nicolae_shop_behind_doors, minmay_elf_annihilation
Elf:2:    elven_hall_of_blades_hangedman_original
          [nicolae_blade_entry_antechamber], layout_geoelf_diagonals,
          serial_shops, shop, nicolae_elf_big_sculpture_2

Skill      XL: |  1  2  3  4  5  6  7  8  9 10 11 12 13 14 15 16 17 |
---------------+----------------------------------------------------+-----
Dodging        | 2 3 5 7 8 10 12 13 | 13.5
Stealth        | 1 2 3 4 5 6 7 8 |  8.5
Unarmed Combat | 3 4 5 7 8 9 10 11 12 13 14 | 14.0
Shapeshifting  | 3 4 5 6 7 8 9 11 12 14 | 14.3
Fighting       | 2 3 4 5 6 8 10 11 12 13 | 13.0
Armour         | 1 2 4 5 |  5.5
Invocations    | 3 5 7 9 10 11 | 11.1
Shields        | 1 3 |  3.3
Evocations     | 3 |  3.3
Spellcasting   | 1 2 |  2.5

Action                     |  1- 3 |  4- 6 |  7- 9 | 10-12 | 13-15 | 16-18 || total
---------------------------+-------+-------+-------+-------+-------+-------++-------
  Melee: Unarmed           |   137 |   288 |   429 |   819 |   958 |   509 ||  3140
         Punch             |     1 |     6 |     8 |    17 |    47 |    16 ||    95
         Kick              |       |       |   132 |    66 |       |    53 ||   251
         Maw               |       |       |       |       |   209 |   146 ||   355
 Invoke: Lesser Servant of |       |       |       |     1 |       |       ||     1
         Greater Servant o |       |       |       |       |       |     1 ||     1
  Evoke: Wand              |       |       |     1 |     2 |     1 |     2 ||     6
    Use: Scroll            |     5 |     7 |    11 |    10 |    12 |     5 ||    50
         Potion            |       |     2 |     5 |     6 |     6 |    11 ||    30
   Stab: Sleeping          |     3 |       |       |     2 |    18 |     2 ||    25
         Distracted        |       |       |       |       |     1 |     2 ||     3
         Invisible         |       |       |       |       |       |     6 ||     6
 Armour: Animal skin       |    60 |       |       |       |       |       ||    60
         Leather armour    |    14 |    12 |       |       |       |       ||    26
         Chain mail        |       |   127 |   337 |   121 |       |       ||   585
         Skin              |       |    12 |       |   190 |   496 |   166 ||   864
         Scale mail        |       |       |       |       |       |   157 ||   157
  Dodge: Dodged            |    91 |   174 |   252 |   829 |  1120 |   300 ||  2766
  Block: Buckler           |       |       |       |       |     9 |    86 ||    95
   Form: Flux              |       |       |       |     1 |       |       ||     1
         Maw               |       |       |       |       |     2 |     1 ||     3
         Blade             |       |       |       |       |     1 |     2 ||     3
                           |       |       |       |       |     1 |       ||     1
